 Dungeon Crawl Stone Soup version 0.21.0-37-g46506fa (webtiles) character file.

67 tidbits the Digger (level 4, 9/32 HPs)
             Began as a Gnoll Earth Elementalist on Feb 1, 2018.
             Quit the game on level 4 of the Dungeon.
             The game lasted 00:06:40 (618 turns).

tidbits the Digger (Gnoll Earth Elementalist)        Turns: 618, Time: 00:06:41

Health: 9/32       AC:  3    Str: 10    XL:     4   Next: 16%
Magic:  11/11      EV: 15    Int: 18    God:
Gold:   88         SH:  0    Dex: 16    Spells: 7/13 levels left

rFire    . . .     SeeInvis .   a - +0 dagger
rCold    . . .     Gourm    .   (no shield)
rNeg     . . .     Faith    .   c - +0 robe
rPois    .         Spirit   .   (no helmet)
rElec    .         Reflect  .   (no cloak)
rCorr    .         Harm     .   (no gloves)
MR       .....                  F - +0 pair of boots
Stlth    +++.......             R - amulet of regeneration
HPRegen  0.50/turn              (no ring)
MPRegen  0.12/turn              (no ring)

@: no status effects
A: distributed training, fangs 1, strong nose
a: no special abilities


You were on level 4 of the Dungeon.
You were not hungry.

You visited 1 branch of the dungeon, and saw 5 of its levels.

You collected 88 gold pieces.

Inventory:

Hand Weapons
 a - a +0 dagger (weapon)
 i - a cursed -3 dagger
 l - a +0 war axe
Missiles
 b - 42 stones (quivered)
Armour
 c - a +0 robe (worn)
 F - a +0 pair of boots (worn)
Jewellery
 R - an amulet of regeneration (around neck)
   (You found it on level 1 of the Dungeon)
Scrolls
 g - a scroll of teleportation
 h - a scroll of blinking
Potions
 f - a potion of curing
 m - a potion of brilliance {unknown}
Books
 e - a book of Geomancy

   Spells                             Type                      Level
   a - Sandblast                      Earth                        1
   b - Passwall                       Transmutation/Earth          2
   c - Stone Arrow                    Conjuration/Earth            3
   d - Petrify                        Transmutation/Earth          4
   e - Lee's Rapid Deconstruction     Earth                        5
Comestibles
 d - 4 rations


   Skills:
 + Level 1.0 Fighting
 + Level 1.0 Short Blades
 + Level 1.0 Long Blades
 + Level 1.0 Axes
 + Level 1.0 Maces & Flails
 + Level 1.0 Polearms
 + Level 1.0 Staves
 + Level 1.0 Slings
 + Level 1.0 Bows
 + Level 1.0 Crossbows
 + Level 1.0 Throwing
 + Level 1.0 Armour
 + Level 4.6 Dodging
 + Level 4.2 Stealth
 + Level 1.0 Shields
 + Level 1.0 Unarmed Combat
 + Level 5.0 Spellcasting
 + Level 0.8 Conjurations
 + Level 0.8 Hexes
 + Level 0.8 Charms
 + Level 0.8 Summonings
 + Level 0.8 Necromancy
 + Level 0.8 Translocations
 + Level 2.2 Transmutations
 + Level 0.8 Fire Magic
 + Level 0.8 Ice Magic
 + Level 0.8 Air Magic
 + Level 5.4 Earth Magic
 + Level 0.8 Poison Magic
 + Level 1.1 Invocations
 + Level 1.0 Evocations


You had 7 spell levels left.
You knew the following spells:

 Your Spells              Type           Power        Failure   Level  Hunger
a - Sandblast             Erth           ###...       1%          1    None
j - Stone Arrow           Conj/Erth      ###...       11%         3    ##.....
p - Passwall              Tmut/Erth      ###.......   4%          2    #......


Dungeon Overview and Level Annotations

Branches:
Dungeon (5/15)
 Temple: D:4-7

Altars:
Dithmenos
Vehumet

Annotations:
D:3 Natasha, Robin, Terence


Innate Abilities, Weirdness & Mutations

Your experience applies equally to all skills.
You have very sharp teeth.
Your uncanny sense of smell can sniff out nearby items.


Message History

You open the door.
A leopard gecko comes into view.
The leopard gecko hisses angrily.
There is an open door here.
You puncture the leopard gecko!
You kill the leopard gecko!
You see here a leopard gecko corpse.
A frilled lizard comes into view.
A rat and Terence come into view.
Terence is wielding a short sword of venom.
Terence drinks a potion.
Terence seems to speed up.
Okay, then.
Okay, then.
As you read the scroll labeled POARIHUGAF, it crumbles to dust.
You feel strangely unstable.
It was a scroll of teleportation.
Unknown command.
You hit Terence. You bite Terence.
Terence is moderately wounded.
Terence completely misses you.
You hit Terence.
Terence is moderately wounded.
The frilled lizard hisses angrily.
Terence hits you but does no damage.
You are poisoned.
The frilled lizard moves out of view.
Terence completely misses you.
Unknown command.
You puncture Terence!
Terence is severely wounded.
Your surroundings suddenly seem different.
You feel sick.
HP restored.
You feel sick.
A bat comes into view.
You feel sick. The bat closely misses you. The bat hits you.
You barely miss the bat. The bat hits you.
A kobold comes into view.
The bat barely misses you.
Found a leather armour and 24 sling bullets.
A kobold comes into view.
The bat barely misses you.
Found 16 gold pieces.
You feel sick. The bat completely misses you.
Unknown command.
Natasha, Servant of Life and Death comes into view.
The bat misses you. The bat closely misses you.
Unknown command.
You hit the bat.
You kill the bat!
You feel sick.
You see here 16 gold pieces.
You now have 65 gold pieces (gained 16).
You enter a teleport trap!
The teleport trap disappears.
Your surroundings suddenly seem different.
You feel sick.
Found 16 stones and a ration.
You feel a little less mighty now.
You feel sick.
You are no longer poisoned.
You see here a ration.
d - 4 rations (gained 1)
You see here a war axe.
A goblin comes into view. It is wielding a spear.
Found a potion of curing.
Found a stone staircase leading down.
Unknown command.
You see here a potion of curing.
f - a potion of curing
There is a stone staircase leading down here.
You climb downwards.
Found 13 gold pieces.
Found a stone staircase leading down.
There is a stone staircase leading up here.
Unknown command.
Unknown command.
There is a stone staircase leading down here.
You climb downwards.
There is a stone staircase leading up here.
Unknown command.
You climb upwards.
There is a stone staircase leading down here.
Unknown command.
You see here 13 gold pieces.
You now have 78 gold pieces (gained 13).
As you read the scroll labeled ESTANEFOVA, it crumbles to dust.
You feel blessed for a moment.
It was a scroll of remove curse.
Found 10 gold pieces.
Found a scroll labeled ASHIOF WOHE.
You see here a scroll labeled ASHIOF WOHE.
Found a scroll of teleportation.
You see here 10 gold pieces.
You now have 88 gold pieces (gained 10).
You found a teleport trap!
You see here a scroll of teleportation.
g - a scroll of teleportation An ogre comes into view.
It is wielding a giant spiked club.
The ogre shouts!
The ogre hits you with a giant spiked club!!
Ouch! That really hurt!
* * * LOW HITPOINT WARNING * * *
An orc comes into view. It is wielding a dagger.
The orc shouts!
Are you sure you want to abandon this character and quit the game? (Confirm with "yes".)

...# ...# ....... ...#
....... ...# ##. .......
?..# #..# o.... #..###
#...######.... ..
##...##............# ...
##..............O..##...
#...###.........@.##....
#...# #..#.......#.....
...## #............#
...# #...........## ...#
#.####...#..# ...# ..#
#..##..# ...# ##.# #..#
#.# ...####..# #.## ..
...##....# ##.# .#


You could see an ogre and an orc.

Vanquished Creatures
  An orc wizard (D:3)
  A dart slug (D:2)
  2 leopard geckos
  4 orcs (D:3)
  A giant cockroach (D:3)
  6 goblins
  4 hobgoblins
  A ball python (D:2)
  4 bats
  2 frilled lizards (D:2)
  3 kobolds
  A rat (D:3)
30 creatures vanquished.

Notes
Turn   | Place    | Note
-------+----------+-------------------------------------------
     0 | D:1      | tidbits the Gnoll Earth Elementalist began the quest for the Orb.
     0 | D:1      | Reached XP level 1. HP: 13/13 MP: 6/6
    93 | D:2      | Reached skill level 2 in Transmutations
   190 | D:2      | Reached XP level 2. HP: 19/19 MP: 4/7
   195 | D:2      | Learned a level 2 spell: Passwall
   211 | D:2      | Found a radiant altar of Vehumet.
   243 | D:3      | Noticed Robin
   265 | D:2      | Found a shadowy altar of Dithmenos.
   369 | D:2      | Reached XP level 3. HP: 12/25 MP: 2/9
   374 | D:2      | Learned a level 3 spell: Stone Arrow
   458 | D:3      | Reached skill level 5 in Spellcasting
   470 | D:3      | Reached skill level 1 in Fighting
   470 | D:3      | Reached skill level 1 in Short Blades
   470 | D:3      | Reached skill level 1 in Long Blades
   470 | D:3      | Reached skill level 1 in Axes
   470 | D:3      | Reached skill level 1 in Maces & Flails
   470 | D:3      | Reached skill level 1 in Polearms
   470 | D:3      | Reached skill level 1 in Staves
   470 | D:3      | Reached skill level 1 in Slings
   470 | D:3      | Reached skill level 1 in Bows
   470 | D:3      | Reached skill level 1 in Crossbows
   470 | D:3      | Reached skill level 1 in Throwing
   470 | D:3      | Reached skill level 1 in Armour
   470 | D:3      | Reached skill level 1 in Shields
   470 | D:3      | Reached skill level 1 in Unarmed Combat
   470 | D:3      | Reached skill level 1 in Invocations
   470 | D:3      | Reached skill level 1 in Evocations
   470 | D:3      | Reached XP level 4. HP: 30/32 MP: 7/11
   492 | D:3      | Noticed Terence
   507 | D:3      | Noticed Natasha
   536 | D:5      | Entered Level 5 of the Dungeon
   612 | D:4      | Noticed an ogre
   618 | D:4      | Quit the game

Skill      XL: |  1  2  3 |
---------------+----------+-----
Transmutations | 2 |  2.2
Spellcasting   | 5 |  5.0
Fighting       | 1 |  1.0
Short Blades   | 1 |  1.0
Long Blades    | 1 |  1.0
Axes           | 1 |  1.0
Maces & Flails | 1 |  1.0
Polearms       | 1 |  1.0
Staves         | 1 |  1.0
Slings         | 1 |  1.0
Bows           | 1 |  1.0
Crossbows      | 1 |  1.0
Throwing       | 1 |  1.0
Armour         | 1 |  1.0
Shields        | 1 |  1.0
Unarmed Combat | 1 |  1.0
Invocations    | 1 |  1.1
Evocations     | 1 |  1.0
Dodging        | |  4.6
Stealth        | |  4.2
Conjurations   | |  0.8
Hexes          | |  0.8
Charms         | |  0.8
Summonings     | |  0.8
Necromancy     | |  0.8
Translocations | |  0.8
Fire Magic     | |  0.8
Ice Magic      | |  0.8
Air Magic      | |  0.8
Earth Magic    | |  5.4
Poison Magic   | |  0.8

Action                   |  1- 3 |  4- 6 || total
-------------------------+-------+-------++-------
Melee: Dagger            |    19 |     7 ||    26
       Bite              |       |     1 ||     1
 Cast: Sandblast         |    25 |     1 ||    26
       Passwall          |     1 |       ||     1
  Use: Scroll            |     2 |     2 ||     4
       Potion            |     3 |       ||     3
 Stab: Sleeping          |     6 |       ||     6
Armor: Robe              |     4 |     1 ||     5
Dodge: Dodged            |    18 |     8 ||    26

Table legend:
 A = Turns spent in this place as a percentage of turns spent in the entire game.
 B = Non-inter-level travel turns spent in this place as a percentage of non-inter-level travel turns spent in the entire game.
 C = Inter-level travel turns spent in this place as a percentage of turns spent in this place.
 D = Turns resting spent in this place as a percentage of non-inter-level travel turns spent in this place.
 E = Turns spent auto-exploring this place as a percentage of non-inter-level travel turns spent in this place.
 F = Non-inter-level travel turns spent in this place divided by the number of levels of this place that you've seen.
                   A       B       C       D       E      F
               +-------+-------+-------+-------+-------+----------------------
         Total | 100.0 | 100.0 |   0.0 |   0.0 |   1.6 | 123.6
       Dungeon | 100.0 | 100.0 |   0.0 |   0.0 |   1.6 | 123.6
               +-------+-------+-------+-------+-------+----------------------

Table legend:
 A = Kills in this place as a percentage of kills in entire the game.
 B = Kills by you in this place as a percentage of kills by you in the entire game.
 C = Kills by friends in this place as a percentage of kills by friends in the entire game.
 D = Other kills in this place as a percentage of other kills in the entire game.
 E = Experience gained in this place as a percentage of experience gained in the entire game.
 F = Experience gained in this place divided by the number of levels of this place that you have seen.
                   A       B       C       D       E      F
               +-------+-------+-------+-------+-------+----------------------
         Total | 100.0 | 100.0 |   N/A |   N/A | 100.0 |  19.2
       Dungeon | 100.0 | 100.0 |   N/A |   N/A | 100.0 |  19.2
               +-------+-------+-------+-------+-------+----------------------

Vault maps used:
D:1:      mushboom_english_gardens, minmay_distorted
D:2:      grunt_dithmenos_smoke_and_mirrors, vehumet_crystals, serial_glass,
          glass_columns_a, glass_columns_b, glass_columns_a, st_stairs_7
D:3:      first_ration, minmay_cupped, uniq_robin, uniq_natasha, uniq_terence
D:4:      lemuel_round_altar, temple_statues, serial_shops,
          nicolae_shop_statue_plus
D:5:      chequers_temple_overflow_minitemple
